Map: 로스트 앤 파운드 - 래더

Players

LiquidSnute (Snute)

  • Race: Zerg Zerg
  • League: Grandmaster
  • Spawn Location: 1:00

lIIllllIIlll (INnoVation) - Winner!

  • Race: Terran Terran
  • League: Master
  • Spawn Location: 7:00

Event: HomeStory Cup XVII

VOD

Have the link to the VOD?

Description

Time

  • Played on: June 29, 2018, 1:59 p.m.
  • Length: 10:16

All games in this series

Show
View Real Time Build Order
Export as new Build Order

LiquidSnute Zerg 

Build Orders: Pool First 

Get SALT Encoding   

  12  0:00  Drone  
  13  0:12  Overlord  
  13  0:17  Drone  
  14  0:31  Drone x2  
  14  0:34  Drone  
  17  0:43  Spawning Pool  
  17  0:47  Drone  
  17  1:07  Hatchery  
  17  1:10  Drone  
  17  1:13  Drone  
  18  1:29  Queen, Extractor  
  18  1:30  Zergling x2  
  18  1:31  Zergling x2  
  21  1:38  Overlord  
  21  1:49  Drone  
  22  2:00  Drone  
  23  2:05  Queen  
  25  2:11  Drone  
  26  2:20  Queen, Drone  
  30  2:22  Drone  
  30  2:30  Metabolic Boost  
  30  2:33  Overlord  
  30  2:35  Drone  
  31  2:37  Drone  
  31  2:38  Drone  
  31  2:40  Drone  
  31  2:42  Drone  
  35  2:44  Drone  
  36  2:53  Drone  
  36  2:57  Drone  
  37  3:02  Drone  
  38  3:06  Overlord  
  38  3:07  Hatchery  
  37  3:15  Zergling x2  
  37  3:16  Zergling x6  
  37  3:18  Overlord  
  41  3:24  Zergling x2  
  41  3:25  Zergling x4  
  41  3:27  Drone  
  45  3:30  Overlord  
  45  3:34  Queen  
  45  3:40  Queen  
  49  3:42  Drone  
  49  3:45  Drone x2  
  49  3:47  Drone  
  53  3:49  Drone  
  53  3:51  Drone  
  55  3:55  Drone  
  55  3:56  Drone x2  
  55  3:59  Overlord  
  55  4:01  Drone  
  59  4:04  Drone  
  59  4:09  Queen  
  60  4:11  Drone  
  60  4:16  Overlord  
  62  4:18  Drone x3  
  62  4:20  Drone  
  62  4:22  Queen  
  68  4:30  Drone x5  
  73  4:34  Extractor  
  72  4:38  Overlord  
  72  4:39  Overlord  
  72  4:41  Queen  
  74  4:50  Queen  
  76  4:53  Overlord  
  76  4:55  Zergling x4  
  76  4:56  Zergling x4  
  76  4:58  Queen  
  82  5:02  Drone x5  
  82  5:05  Drone x2  
  89  5:08  Drone  
  89  5:09  Drone  
  89  5:13  Drone x2  
  93  5:14  Evolution Chamber  
  93  5:16  Evolution Chamber  
  93  5:20  Extractor  
  90  5:23  Baneling Nest  
  90  5:27  Zergling x14  
  90  5:28  Zergling x2  
  97  5:38  Lair  
  97  5:42  Zerg Ground Armor Level 1  
  97  5:45  Drone  
  97  5:46  Drone x5  
  103  5:58  Zergling x6  
  103  6:02  Overlord x2  
  103  6:03  Zerg Melee Weapons Level 1  
  106  6:05  Overlord x2  
  106  6:12  Overlord  
  106  6:13  Hatchery  
  106  6:18  Hatchery  
  104  6:19  Zergling x4  
  104  6:21  Zergling x10  
  104  6:22  Queen x2  
  115  6:29  Zergling x4  
  114  6:43  Zergling x16  
  97  6:47  Zergling x2  
  97  6:50  Zergling x8  
  91  6:56  Zergling x2  
  91  7:00  Zergling x2  
  91  7:01  Zergling x8  
  80  7:02  Queen  
  80  7:03  Queen  
  80  7:05  Zergling x2  
  80  7:06  Baneling, Zergling x4  
  80  7:07  Baneling x11  
  83  7:10  Zergling x4  
  83  7:11  Baneling  
  83  7:12  Centrifical Hooks  
  85  7:18  Zergling x2  
  84  7:23  Zergling x2  
  84  7:29  Zergling x8  
  78  7:33  Drone  
  78  7:34  Drone x2  
  81  7:38  Zergling x6  
  81  7:39  Zerg Ground Armor Level 2  
  84  7:44  Drone x2  
  84  7:47  Drone  
  84  7:50  Drone x2  
  88  7:57  Drone x2  
  88  7:58  Drone x2  
  92  7:59  Zerg Melee Weapons Level 2  
  92  8:05  Drone x3, Hatchery  
  94  8:09  Zergling x2  
  94  8:10  Extractor  
  93  8:13  Baneling x4  
  93  8:15  Extractor  
  93  8:16  Zergling x6  
  93  8:17  Zergling x12, Extractor  
  100  8:21  Zergling x2  
  100  8:22  Zergling x2  
  100  8:24  Zergling x6  
  105  8:31  Zergling x2  
  105  8:33  Baneling  
  105  8:34  Baneling x3, Zergling x6  
  109  8:43  Zergling x8  
  109  8:46  Zergling x6  
  109  8:47  Hatchery  
  115  8:53  Zergling x2  
  115  8:54  Spire  
  115  8:59  Zergling x6  
  115  9:00  Baneling  
  115  9:01  Baneling x4  
  117  9:05  Zergling x4  
  119  9:13  Zergling x2  
  119  9:14  Zergling x4  
  119  9:16  Zergling x6  
  119  9:17  Zergling x2  
  122  9:24  Zergling x2  
  122  9:25  Zergling x4  
  122  9:28  Queen x2  
  125  9:35  Zergling x8  
  125  9:38  Zergling x2  
  123  9:40  Zergling x2  
  123  9:43  Baneling x9  
  126  9:48  Zergling x12  
  126  9:52  Zergling x2  
  129  9:57  Zergling x4  
Show
View Real Time Build Order
Export as new Build Order

lIIllllIIlll Terran - Winner!

Build Orders: Reaper Expand, Bio Tank 

Get SALT Encoding   

  12  0:00  SCV  
  13  0:13  SCV  
  14  0:16  Supply Depot  
  14  0:25  SCV  
  15  0:38  SCV  
  15  0:39  Barracks  
  15  0:42  Refinery  
  16  0:50  SCV  
  17  1:02  SCV  
  18  1:14  SCV  
  19  1:26  Orbital Command, Reaper  
  20  1:38  Command Center  
  20  1:48  Barracks  
  20  1:52  SCV  
  21  1:58  Barracks Reactor  
  21  2:04  SCV  
  21  2:07  Supply Depot  
  22  2:10  Refinery  
  22  2:16  SCV  
  22  2:21  Factory  
  23  2:29  SCV  
  24  2:35  Marine x2  
  26  2:40  Barracks Tech Lab  
  26  2:41  SCV  
  27  2:54  SCV  
  28  3:00  Stimpack, Marine x3  
  31  3:12  Starport, SCV  
  32  3:13  Orbital Command  
  32  3:20  Factory Reactor  
  32  3:21  Marine x2  
  32  3:22  Marine  
  32  3:25  SCV  
  36  3:38  SCV  
  36  3:39  Marine, SCV  
  36  3:40  Marine x2  
  41  3:45  Supply Depot  
  41  3:50  SCV  
  41  3:51  SCV  
  43  3:57  Engineering Bay  
  43  3:58  Medivac  
  43  4:02  SCV  
  46  4:07  Medivac, SCV  
  49  4:12  Marine x3  
  49  4:13  Supply Depot  
  51  4:17  Factory Tech Lab, SCV  
  51  4:19  SCV  
  51  4:23  Terran Infantry Weapons Level 1  
  53  4:25  Supply Depot  
  53  4:30  SCV  
  54  4:34  SCV  
  55  4:39  Barracks  
  55  4:43  Siege Tank  
  55  4:44  Supply Depot, Marine x3  
  61  4:47  SCV x2  
  61  4:51  Supply Depot  
  63  4:55  Refinery  
  63  4:59  SCV x2  
  65  5:01  Marine  
  65  5:02  Marine x2  
  65  5:03  Combat Shields  
  68  5:08  Supply Depot  
  68  5:13  SCV x2  
  70  5:19  Marine x3  
  73  5:23  Supply Depot, Siege Tank  
  73  5:27  Marine x2  
  78  5:33  SCV x2  
  80  5:35  Medivac  
  80  5:38  Supply Depot  
  80  5:40  Marine x3  
  85  5:44  Marine  
  85  5:45  Supply Depot, Marine  
  87  5:55  Siege Tank  
  90  5:58  Marine x3  
  90  6:02  Supply Depot, Marine x2  
  95  6:05  SCV x2  
  97  6:16  Marine x3, Starport Reactor  
  97  6:18  Terran Infantry Armor Level 1  
  100  6:20  Supply Depot, Marine x2  
  102  6:27  Siege Tank  
  105  6:33  Marine x2  
  105  6:34  Marine  
  105  6:38  Marine x2  
  96  6:51  Command Center  
  93  7:00  Marine x4  
  93  7:01  Marine  
  96  7:02  Medivac x2  
  96  7:05  SCV x2  
  96  7:07  Refinery  
  96  7:08  Siege Tank  
  105  7:18  Marine x5  
  110  7:29  SCV x2  
  87  7:35  Engineering Bay, Armory  
  87  7:36  Barracks  
  85  7:40  Siege Tank, Barracks  
  88  7:46  Marine x5  
  88  7:48  SCV  
  88  7:49  SCV  
  95  7:55  Medivac x2  
  99  8:01  SCV x2  
  99  8:03  Marine  
  99  8:04  Marine x4  
  106  8:07  Orbital Command  
  106  8:12  Siege Tank  
  109  8:17  SCV x2  
  111  8:22  Marine x2  
  111  8:23  Marine x2  
  111  8:24  Orbital Command  
  116  8:29  Barracks Reactor  
  116  8:31  Barracks Reactor  
  115  8:34  SCV x2  
  115  8:35  Marine  
  115  8:40  Marine x3  
  115  8:41  Marine  
  122  8:45  Supply Depot  
  122  8:46  Supply Depot, Siege Tank  
  122  8:48  SCV  
  126  8:50  SCV  
  126  8:51  SCV  
  126  8:54  Marine  
  129  8:58  Marine  
  130  9:11  Marine  
  130  9:12  Marine x5  
  136  9:18  Siege Tank  
  136  9:19  Marine x2  
  139  9:26  SCV  
  139  9:27  SCV  
  139  9:29  Marine x4, SCV  
  145  9:31  Refinery  
  145  9:37  Refinery  
  136  9:39  Marine x5  
  141  9:47  Marine x2  
  141  9:51  Marine x2  
  147  9:53  SCV x3  
  147  9:57  Marine x2  
Tags
 
Add a new tag
Caveats
  • Supply blocks, unpowered buildings, or Contaminate may cause inaccurate times.
  • Supply counts are checked every 10 seconds.